 Dungeon Crawl Stone Soup version 0.25-a0-571-gb5e01bddfa (webtiles) character file.

Game seed: 6027718622318336248, levelgen mode: deterministic

723 kae the Sneak (level 7, -6/46 HPs)
             Began as a Vampire Enchanter on Feb 29, 2020.
             Mangled by a phantom (10 damage)
             ... on level 5 of the Dungeon.
             The game lasted 00:04:47 (3593 turns).

kae the Sneak (Vampire Enchanter)                   Turns: 3593, Time: 00:04:47

Health: -6/46      AC:  3    Str:  9    XL:     7   Next: 43%
Magic:  3/12       EV: 14    Int: 18    God:
Gold:   201        SH:  0    Dex: 14    Spells: 7/13 levels left

rFire    . . .     SeeInvis +   l - +1 dagger (venom)
rCold    . . .     Gourm    .   (no shield)
rNeg     + . .     Faith    .   b - +1 robe
rPois    .         Spirit   .   (no helmet)
rElec    .         Reflect  .   (no cloak)
rCorr    .         Harm     .   (no gloves)
MR       +....                  (no boots)
Stlth    ++++......             (no amulet)
HPRegen  0.35/turn              d - ring of positive energy
MPRegen  0.13/turn              o - ring of protection from magic

@: confusing touch, regenerating quickly
A: no food, fangs 3, see invisible, unbreathing
a: Exsanguinate


You were on level 5 of the Dungeon.
You were alive.

You visited 1 branch of the dungeon, and saw 5 of its levels.

You collected 201 gold pieces.

Inventory:

Hand Weapons
 a - a +1 dagger
 l - a +1 dagger of venom (weapon)
Armour
 b - a +1 robe (worn)
Jewellery
 d - a ring of positive energy (left hand)
 j - an uncursed ring of ice
 o - a ring of protection from magic (right hand)
Wands
 m - a wand of iceblast (6)
Scrolls
 c - 3 scrolls of magic mapping
 e - 3 scrolls of remove curse
 r - a scroll of teleportation
Potions
 f - a potion of stabbing
 g - a potion of flight
 h - a potion of haste
 i - 3 potions of brilliance
 k - a potion of curing
 n - a potion of cancellation
 p - 2 potions of degeneration {unknown}
 q - 2 potions of might {unknown}


   Skills:
 + Level 4.0 Short Blades
 + Level 4.4 Dodging
 + Level 7.3 Stealth
 + Level 3.9 Spellcasting
 + Level 6.7 Hexes


You had 7 spell levels left.
You knew the following spells:

 Your Spells              Type           Power        Failure   Level  Hunger
a - Corona                Hex            ####...      1%          1    N/A
b - Ensorcelled Hibernat  Hex/Ice        ###...       5%          2    N/A
c - Confusing Touch       Hex            ####....     2%          3    N/A

Your spell library contained the following spells:

 Spells                   Type           Power        Failure   Level  Hunger
 Tukima's Dance           Hex            ####....     2%          3    N/A
 Dazzling Flash           Conj/Hex       ###...       11%         3    N/A

Dungeon Overview and Level Annotations

Branches:
Dungeon (5/15)
 Temple: D:4-7

Altars:
Kikubaaqudgha
Nemelex Xobeh

Annotations:
D:4 1 transporter


Innate Abilities, Weirdness & Mutations

You do not eat.
Your natural rate of healing is unusually fast.
You have razor-sharp teeth.
You have supernaturally acute eyesight. (SInv)
You can survive without breathing.


Message History

The phantom blinks!
The phantom blinks!
Casting: Confusing Touch (safe; 2% risk of failure)
Confirm with . or Enter, or press ? or * to list all spells.
Aiming: Corona (safe; 1% risk of failure)
Press: ? - help, Shift-Dir - straight line, f - phantom
Aim: a phantom (almost destroyed, chance to confuse on hit: 38%, chance to defeat MR: 50%)
The phantom resists with significant effort.
The phantom blinks!
Casting: Corona (safe; 1% risk of failure)
Confirm with . or Enter, or press ? or * to list all spells.
Aiming: Corona (safe; 1% risk of failure)
Press: ? - help, Shift-Dir - straight line, f/p - phantom
Aim: a phantom (almost destroyed, chance to confuse on hit: 38%, chance to defeat MR: 50%)
The phantom is outlined in light.
You hit the phantom but do no damage.
The phantom is almost destroyed.
The phantom blinks!
The phantom hits you!
You die...

.# #.##.# .###+###.
#.##.# .'.......
+(##.# .###+###.
#(.#.# .# #....# .#
#.##.##### # .#
#§........ .# .#
#..#.##.#. ..# .#
#@## ..## .. .#
+#######W.####.#.#..#
..
.......§(.>(.(.)....#
###
..........#####.##.##
########### .# .# .#
.# .#


You could see a phantom.

Vanquished Creatures
  A water moccasin (D:4)
  An ogre (D:4)
  A water moccasin skeleton (D:4)
  A bullfrog zombie (D:5)
  2 hounds
  An orc priest (D:3)
  A centaur skeleton (D:5)
  Ijyb (D:3)
  6 worker ants (D:4)
  A hound skeleton (D:4)
  5 adders
  5 worms
  3 dart slugs
  2 leopard geckos
  14 orcs
  10 bats
  2 giant cockroaches (D:3)
  8 goblins
  6 hobgoblins
  8 jackals
  8 frilled lizards
  15 kobolds
  A quokka skeleton (D:4)
  4 rats
  A rat zombie (D:3)
108 creatures vanquished.

Notes
Turn   | Place    | Note
-------+----------+-------------------------------------------
     0 | D:1      | kae the Vampire Enchanter began the quest for the Orb.
     0 | D:1      | Reached XP level 1. HP: 13/13 MP: 3/3
   213 | D:1      | Reached XP level 2. HP: 7/19 MP: 1/5
   496 | D:1      | Learned a level 2 spell: Ensorcelled Hibernation
   722 | D:1      | Reached XP level 3. HP: 24/24 MP: 6/6
  1060 | D:2      | Reached skill level 5 in Stealth
  1331 | D:2      | Reached skill level 5 in Hexes
  1765 | D:2      | Reached XP level 4. HP: 30/30 MP: 7/7
  1777 | D:2      | Learned a level 3 spell: Confusing Touch
  1969 | D:3      | Noticed Ijyb
  1975 | D:3      | Killed Ijyb
  2304 | D:3      | Found an ancient bone altar of Kikubaaqudgha.
  2487 | D:4      | Reached XP level 5. HP: 27/35 MP: 9/9
  2576 | D:4      | Reached skill level 6 in Stealth
  2645 | D:4      | Noticed a red ugly thing
  2649 | D:4      | Noticed a troll
  2657 | D:4      | Found a sparkling altar of Nemelex Xobeh.
  2657 | D:4      | Found a transporter.
  2772 | D:4      | Reached XP level 6. HP: 41/41 MP: 10/10
  2829 | D:4      | Noticed a water moccasin
  2925 | D:4      | Killed a water moccasin
  2925 | D:4      | Reached XP level 7. HP: 26/46 MP: 7/12
  2927 | D:4      | Reached skill level 7 in Stealth
  3396 | D:5      | Entered Level 5 of the Dungeon
  3587 | D:5      | HP: 2/46 [phantom (5)]
  3593 | D:5      | Mangled by a phantom

Levels and vault maps discovered:
D:1:      ncdulo_watergridlock, layout_basic, chequers_serial_rivers_micro_e
D:2:      cheibrodos_old_hovel, layout_basic
D:3:      layout_loops_cross, lemuel_zombie_altar_kikubaaqudgha,
          chequers_serial_rivers_small_a, uniq_ijyb
D:4:      layout_basic, first_ration, grunt_nemelex_the_gamble
D:5:      layout_loops_ring, minmay_door_square, due_unseen_surprise

Skill      XL: |  1  2  3  4  5  6  7 |
---------------+----------------------+-----
Stealth        | 5 6 7 |  7.3
Short Blades   | 2 3 4 |  4.0
Hexes          | 5 6 |  6.7
Dodging        | 3 4 |  4.4
Spellcasting   | 3 |  3.9

Action                   |  1- 3 |  4- 6 |  7- 9 || total
-------------------------+-------+-------+-------++-------
Melee: Dagger            |   190 |   124 |    73 ||   387
       Bite              |    14 |    14 |     6 ||    34
 Cast: Corona            |    15 |       |     2 ||    17
       Ensorcelled Hiber |    10 |    19 |     7 ||    36
       Confusing Touch   |       |       |     4 ||     4
  Use: Scroll            |     1 |     8 |     3 ||    12
       Potion            |       |       |     2 ||     2
 Stab: Sleeping          |    13 |    22 |     6 ||    41
       Confused          |       |       |     3 ||     3
Armor: Robe              |    36 |    19 |     9 ||    64
Dodge: Dodged            |   136 |    77 |    48 ||   261

Table legend:
 A = Non-vault XP
 B = Vault XP
 C = Vault XP percentage of total XP
 D = Non-vault monster count
 E = Vault monster count
 F = Vault count percentage of total count
                 A         B        C        D         E       F
            +---------+---------+-------+---------+---------+-------
      Total |     997 |      37 |   3.6 |     105 |       3 |   2.8
            +---------+---------+-------+---------+---------+-------
        D:1 |      51 |       0 |   0.0 |      29 |       0 |   0.0
        D:2 |      47 |       1 |   2.1 |      20 |       1 |   4.8
        D:3 |      98 |      36 |  26.9 |      22 |       2 |   8.3
        D:4 |     664 |       0 |   0.0 |      25 |       0 |   0.0
        D:5 |     137 |       0 |   0.0 |       9 |       0 |   0.0
            +---------+---------+-------+---------+---------+-------
